AoeStats
← MIOSE5358

Black Forest

509475227Analyzed
4v4 RM · 6d ago on Sep 26, 2026· 43m 56s· 8 players
Game mode
Random Map
Map size
Large (8 player)
Population
200
Speed
Normal
Resources
Standard
Victory
Conquest
Starting age
Dark Age
Ending age
Imperial Age
RankedLock teamsTeams togetherTeam positionsShared explorationLock speedFull tech treeHidden civsTurbo modeCheats
Victory
Defeat
🇵🇱 Persians · Poland
615
+6
🇪🇸 Spanish · Spain
520
+9
🇨🇱 Huns · Chile
505
+10
🇵🇪 Teutons · Peru
432
+13
🇺🇸 Franks · United States
461
-12
🇮🇪 Spanish · Ireland
375
-10
🇺🇸 Celts · United States
327
-8
🇲🇽 Romans · Mexico
308
-8
jordanm708
3:03 Loom
Ben FineGold
1:26 Loom
24:17 Feudal Age
31:28 Wheelbarrow
Wendy9235
1:26 Loom
19:30 Feudal Age
kealanmurphy83
1:56 Loom
MagŻydomancji
0:38 Loom
12:57 Feudal Age
15:14 Gold Mining
15:15 Stone Mining
15:38 Double-Bit Axe
Slaya
0:33 Loom
13:29 Feudal Age
14:15 Double-Bit Axe
15:13 Horse Collar
21:09 Castle Age
19:57 Stone Mining
19:59 Gold Mining
23:42 Stone Shaft Mining
25:56 Heavy Plow
27:24 Wheelbarrow
26:35 Town Watch
28:30 Fervor
29:09 Bow Saw
29:48 Hand Cart
32:17 Scale Barding Armor
32:12 Scale Mail Armor
32:23 Forging
32:03 Fletching
32:14 Padded Archer Armor
33:57 Town Patrol
34:26 Fortified Wall
34:27 Masonry
34:27 Caravan
35:55 Bloodlines
36:45 Chain Barding Armor
36:40 Leather Archer Armor
36:21 Bodkin Arrow
36:41 Chain Mail Armor
37:02 Iron Casting
38:45 Siphons
41:18 Imperial Age
41:38 Guard Tower
42:09 Ballistics
42:01 Clinker Construction
43:16 Two-Man Saw
42:32 Cavalier
44:12 Guilds
44:44 Coinage
44:52 Crop Rotation
janyo3555
15:21 Feudal Age
17:12 Wheelbarrow
16:20 Horse Collar
16:27 Double-Bit Axe
16:35 Gold Mining
25:22 Bloodlines
26:04 Scale Barding Armor
26:00 Scale Mail Armor
26:10 Forging
28:06 Castle Age
29:00 Husbandry
31:31 Hand Cart
31:41 Chain Barding Armor
43:12 Imperial Age
43:22 Spies/Treason
MIOSE5358
13:05 Feudal Age
13:35 Horse Collar
13:51 Double-Bit Axe
15:10 Wheelbarrow
15:30 Fishing Lines
24:03 Castle Age
24:25 Arson
24:55 Bloodlines
25:40 Heavy Plow
27:04 Gold Mining
27:11 Stone Mining
27:43 Bow Saw
29:50 Gillnets
30:20 Hand Cart
32:58 Husbandry
33:02 Padded Archer Armor
32:53 Fletching
33:14 Forging
39:24 Imperial Age
41:54 Stone Shaft Mining
42:57 Chemistry
42:17 Leather Archer Armor
41:57 Bodkin Arrow
42:49 Conscription
Connection lost

Rejoining the realm…

Still unreachable

The connection could not be restored.

Session expired

The server has moved on; the page needs a fresh start.